 Dungeon Crawl Stone Soup version 0.28.0-53-g5a82cb258f (webtiles) character file.

Game seed: 1414570957796690273

84 ILmort the Skirmisher (level 4, -2/29 HPs)
             Began as a Gargoyle Fighter on Aug 20, 2022.
             Slain by an orc wizard
             ... wielding a +2 dagger of speed
              (4 damage)
             ... on level 3 of the Dungeon.
             The game lasted 00:03:02 (2107 turns).

ILmort the Skirmisher (Gargoyle Fighter)            Turns: 2107, Time: 00:03:03

Health: -2/29      AC: 11    Str: 21    XL:     4   Next: 45%
Magic:  4/4        EV:  9    Int:  9    God:
Gold:   90         SH:  4    Dex:  9    Spells: 3/3 levels left

rFire   . . .      SeeInvis .   a - +0 war axe
rCold   . . .      Faith    .   c - +0 buckler
rNeg    + . .      Spirit   .   b - +0 scale mail
rPois   ∞          Reflect  .   (no helmet)
rElec   +          Harm     .   (no cloak)
rCorr   .          Rampage  .   h - +0 pair of gloves
Will    .....                   (no boots)
Stlth   ..........              (no amulet)
HPRegen 0.09/turn               (no ring)
MPRegen 0.09/turn               (no ring)

@: mighty
A: sickness immunity, AC +3, negative energy resistance 1, electricity
resistance, torment resistance 1, petrification resistance
a: no special abilities


You were on level 3 of the Dungeon.
You visited 1 branch of the dungeon, and saw 3 of its levels.

You collected 90 gold pieces.

Inventory:

Hand Weapons
 a - a +0 war axe (weapon)
Armour
 b - a +0 scale mail (worn)
 c - a +0 buckler (worn)
 h - a +0 pair of gloves (worn)
Scrolls
 g - a scroll of noise {unknown}
 j - a scroll of enchant weapon {unknown}
 k - a scroll of blinking {unknown}
 m - a scroll of vulnerability {unknown}
Potions
 e - a potion of experience {unknown}
 f - a potion of mutation {unknown}
 i - 3 potions of curing {unknown}
 l - a potion of flight {unknown}


   Skills:
 + Level 4.1 Fighting
 * Level 3.5 Axes
 - Level 3.2 Armour
 - Level 3.2 Shields


You had 3 spell levels left.
You didn't know any spells.
Your spell library was empty.

Dungeon Overview and Level Annotations

Branches:
Dungeon (3/15)

Altars:


Innate Abilities, Weirdness & Mutations

You are immune to sickness and miasma.
Your stone body is resilient. (AC +3)
You are immune to poison.
You resist negative energy. (rN+)
You are resistant to electric shocks. (rElec)
You are resistant to unholy torment.
You are immune to petrification.


Message History

You are too injured to fight recklessly!
You slash the orc!
You kill the orc!
You hear some strange, mumbled words.
You are confused.
Something hits you.
You see here a +0 dagger.
You closely miss something. Something hits you. x2
You completely miss something. Something hits you.
You hear some strange, mumbled words.
A magic dart appears from out of thin air!
The magic dart hits you.
You miss something.
You feel less confused. Something hits you but does no damage.
You barely miss something. Something hits you.
Something hits you but does no damage. Something hits you.
* * * LOW HITPOINT WARNING * * *
You barely miss something.
You hear some strange, mumbled words.
You are confused.
You miss something. Something hits you.
* * * LOW HITPOINT WARNING * * *
Something hits you but does no damage.
You bump into the rock wall.
Something hits you but does no damage.
You hear some strange, mumbled words.
A magic dart appears from out of thin air!
The magic dart hits you but does no damage.
You bump into the rock wall.
Something hits you but does no damage.
You bump into the rock wall.
Something hits you but does no damage.
You bump into the rock wall.
Something hits you but does no damage.
You hear some strange, mumbled words.
A puff of flame appears from out of thin air!
The puff of flame misses you.
You bump into the rock wall.
Something hits you.
* * * LOW HITPOINT WARNING * * *
You feel very mighty all of a sudden.
You feel less confused. Something hits you but does no damage.
You barely miss something. Something hits you.
You die...

##### ....####### #
#...##...
.#.##...##.#####.###
.........†..........
......)..).#.###.###
#.#####.####.#
#....@{.# #.#
##.###### #.# #.#
#.# #.# #.# #.# #.#
###.#######


There were no monsters in sight!

Vanquished Creatures
  A hound skeleton (D:2)
  2 adders (D:2)
  2 worms (D:2)
  2 orcs (D:3)
  4 ball pythons
  An endoplasm (D:1)
  3 giant cockroaches (D:2)
  5 goblins
  3 hobgoblins
  3 jackals (D:1)
  3 quokkas
  4 bats
  2 frilled lizards (D:1)
  2 kobolds (D:2)
  8 rats
45 creatures vanquished.

Notes
Turn   | Place    | Note
-------+----------+-------------------------------------------
     0 | D:1      | ILmort the Gargoyle Fighter began the quest for the Orb.
     0 | D:1      | Reached XP level 1. HP: 14/14 MP: 1/1
   581 | D:1      | Reached XP level 2. HP: 19/19 MP: 2/2
  1071 | D:2      | Found a faded altar of an unknown god.
  1091 | D:2      | Reached XP level 3. HP: 22/24 MP: 3/3
  1342 | D:2      | Reached skill level 4 in Fighting
  1474 | D:2      | Reached XP level 4. HP: 21/29 MP: 4/4
  2107 | D:3      | Slain by an orc wizard

Illustrated notes

Levels and vault maps discovered:
D:1:      minmay_arrival_four_houses, layout_basic
D:2:      layout_basic, ebering_ecumenical_altar_ruins
D:3:      layout_basic

Skill      XL: |  1  2  3 |
---------------+----------+-----
Axes           | 2 3 |  3.5
Fighting       | 4 |  4.1
Armour         | |  3.2
Shields        | |  3.2

Action                   |  1- 3 |  4- 6 || total
-------------------------+-------+-------++-------
Melee: War axe           |   102 |    46 ||   148
  Use: Potion            |       |     1 ||     1
Armor: Scale mail        |    62 |    22 ||    84
Dodge: Dodged            |    70 |    18 ||    88
Block: Buckler           |    28 |    13 ||    41
